 Dungeon Crawl Stone Soup version 0.22-a0-284-g99d1f74 (webtiles) character file.

70 Auros the Ruffian (level 4, 0/37 HPs)
             Began as a Ghoul Warper on Mar 21, 2018.
             Slain by an adder (4 damage)
             ... on level 2 of the Dungeon.
             The game lasted 00:08:53 (2338 turns).

Auros the Ruffian (Ghoul Warper)                    Turns: 2338, Time: 00:08:53

Health: 0/37       AC:  3    Str: 15    XL:     4   Next: 21%
Magic:  6/6        EV: 12    Int:  8    God:
Gold:   37         SH:  0    Dex:  8    Spells: 5/7 levels left

rFire    . . .     SeeInvis .     - Unarmed
rCold    + . .     Gourm    .   (no shield)
rNeg     + + +     Faith    .   a - +0 leather armour
rPois    ∞         Spirit   .   (no helmet)
rElec    .         Reflect  .   (no cloak)
rCorr    .         Harm     .   (no gloves)
MR       .....                  (no boots)
Stlth    +.........             (no amulet)
HPRegen  0.00/turn              (no ring)
MPRegen  0.10/turn              (no ring)

@: rotting
A: rotting body, claws 1, carnivore, cold resistance 1, negative energy
resistance 3, inhibited regeneration, torment resistance, unbreathing
a: no special abilities


You were on level 2 of the Dungeon.
You were not hungry.

You visited 1 branch of the dungeon, and saw 2 of its levels.

You collected 37 gold pieces.

Inventory:

Missiles
 c - a throwing net
 d - 3 tomahawks of dispersal (quivered)
 g - 170 stones
Armour
 a - a +0 leather armour (worn)
Scrolls
 b - 3 scrolls of fear {unknown}
 e - a scroll of remove curse {unknown}
 h - a scroll of enchant weapon {unknown}
 l - a scroll of enchant armour {unknown}
 m - a scroll of teleportation {unknown}
 n - a scroll of amnesia {unknown}
Potions
 i - a potion of haste {unknown}
 j - a potion of heal wounds {unknown}
Comestibles
 f - 5 rations
 k - a chunk of flesh


   Skills:
 + Level 2.7 Fighting
 + Level 1.0 Throwing
 + Level 1.5 Armour
 + Level 2.3 Dodging
 + Level 3.1 Unarmed Combat
 + Level 2.0 Spellcasting
 + Level 2.8 Translocations


You had 5 spell levels left.
You knew the following spells:

 Your Spells              Type           Power        Failure   Level  Hunger
a - Blink                 Tloc           N/A          21%         2    ###....


Dungeon Overview and Level Annotations

Branches:
Dungeon (2/15)

Altars:


Innate Abilities, Weirdness & Mutations

Your body is rotting away.
You thrive on raw meat.
You are immune to poison.
You have sharp fingernails.
You are carnivorous and can eat meat at any time.
Your flesh is cold resistant. (rC+)
You are immune to negative energy. (rN+++)
You do not regenerate when monsters are visible.
You are immune to unholy pain and torment.
You can survive without breathing.


Message History

An adder comes into view.
The adder hisses angrily.
You hear an angry hiss.
Found 26 stones.
You see here a scroll labeled HEOHIO ICUIHAIL.
n - a scroll labeled HEOHIO ICUIHAIL An iguana comes into view.
You see here 24 stones.
g - 170 stones (gained 24)
You barely miss the adder. The adder bites you but does no damage.
The adder bites you.
You completely miss the adder. The adder bites you but does no damage.
You barely miss the adder. The adder bites you.
You miss the adder. The adder bites you.
You closely miss the adder. The adder bites you. The iguana bites you.
You closely miss the adder. The adder closely misses you. The iguana bites you.
The adder barely misses you.
You closely miss the adder. The iguana bites you!
* * * LOW HITPOINT WARNING * * *
The adder bites you.
You die...

...... .
....... .#
...... ##.
#....... (....
.. ......#
....##.#
......#
?.....#
##.....#
#.#Sl###...
.......#
#.#@.......
.#.....#
#....###...
.#.....#
##..##
<#.....####
#...##
..........#
#..#..#
..........#
#.###.# ##
.#........##..
#.# ##.
.#.....#####.#
#.####..
######.### #.#
#....#.#


You could see an iguana and an adder.

Vanquished Creatures
  3 gnolls
  An adder (D:2)
  An ooze (D:2)
  A leopard gecko (D:2)
  4 bats
  A giant cockroach (D:1)
  3 goblins
  6 hobgoblins
  3 kobolds
  A frilled lizard (D:2)
  4 rats
  A bush (D:1)
  A plant (D:1)
30 creatures vanquished.

Notes
Turn   | Place    | Note
-------+----------+-------------------------------------------
     0 | D:1      | Auros the Ghoul Warper began the quest for the Orb.
     0 | D:1      | Reached XP level 1. HP: 17/17 MP: 2/2
   577 | D:1      | Reached XP level 2. HP: 22/24 MP: 3/3
   581 | D:1      | Learned a level 2 spell: Blink
  1307 | D:2      | Reached skill level 1 in Armour
  1308 | D:2      | Reached skill level 1 in Throwing
  1318 | D:2      | Reached XP level 3. HP: 27/30 MP: 4/4
  1916 | D:1      | Reached skill level 3 in Unarmed Combat
  2226 | D:1      | Reached XP level 4. HP: 28/35 MP: 6/6
  2338 | D:2      | Slain by an adder

Vault maps used:
D:1:      minmay_arrival_arboretum_small, serial_forest,
          infiniplex_forest_straight_1, infiniplex_forest_clump_diagonal,
          infiniplex_forest_straight_2, infiniplex_forest_lined_ring,
          infiniplex_forest_zigzag_2, infiniplex_forest_straight_2,
          infiniplex_forest_end_2, infiniplex_forest_corner_2,
          infiniplex_forest_clump_curved, infiniplex_forest_lined_room_3
D:2:      grunt_temple_overflow_opulence

Skill      XL: |  1  2  3 |
---------------+----------+-----
Dodging        | 2 |  2.3
Armour         | 1 |  1.5
Throwing       | 1 |  1.0
Unarmed Combat | 3 |  3.1
Spellcasting   | 2 |  2.0
Fighting       | |  2.7
Translocations | |  2.8

Action                   |  1- 3 |  4- 6 || total
-------------------------+-------+-------++-------
Melee: Unarmed           |   272 |    28 ||   300
       Punch             |     4 |     1 ||     5
Throw: Tomahawk          |     2 |       ||     2
 Cast: Blink             |     3 |       ||     3
  Use: Scroll            |     1 |       ||     1
  Eat: Chunk             |     7 |     3 ||    10
Armor: Leather armour    |    24 |     4 ||    28
Dodge: Dodged            |    70 |    15 ||    85

Table legend:
 A = Spawn XP
 B = Non-spawn XP
 C = Spawn XP percentage of total XP
 D = Spawn monster count
 E = Non-spawn monster count
 F = Spawn count percentage of total count
 G = Total turns spent on level
                    A         B        C        D         E        F      G
               +---------+---------+-------+---------+---------+-------+---------
         Total |       0 |     100 |   0.0 |       0 |      28 |   0.0 |  2338
               +---------+---------+-------+---------+---------+-------+---------
           D:1 |       0 |      47 |   0.0 |       0 |      13 |   0.0 |  1784
           D:2 |       0 |      53 |   0.0 |       0 |      15 |   0.0 |   554
               +---------+---------+-------+---------+---------+-------+---------
